 Seeded DCSS version 0.28.0-47-ge53b351184 (webtiles) character file.

Game seed: 13605594255664981076 (custom seed)

140657 thiscave3701365 the Executioner (level 16, -15/160 HPs)
             Began as a Minotaur Berserker on May 4, 2022.
             Was a High Priest of Trog.
             Blown up by an orb spider (58 damage)
             ... with an orb of destruction
             ... on level 4 of the Spider Nest on May 5, 2022.
             The game lasted 00:49:38 (60547 turns).

thiscave3701365 the Executioner (MiBe)             Turns: 60547, Time: 00:49:39

Health: -15/160    AC: 32    Str: 27 (29) XL:     16   Next: 76%
Magic:  4/6        EV: 10    Int:  2 (4)  God:    Trog [*****.]
Gold:   2103       SH:  0    Dex: 10 (11) Spells: 15/15 levels left

rFire   . . .      SeeInvis +   D - +6 battleaxe
rCold   . . .      Faith    .   (shield currently unavailable)
rNeg    + + +      Spirit   .   m - +5 plate armour
rPois   .          Reflect  .   n - +2 hat {Stlth+}
rElec   +          Harm     .   s - +0 cloak
rCorr   .          Rampage  .   E - +0 pair of gloves
Will    +....                   T - +2 pair of boots of Niasm {+Blink}
Stlth   ..........              a - amulet of magic regeneration
HPRegen 0.36/turn               G - ring of Midnight {Drain Fly rElec rN+++ MP-9}
MPRegen 0.50/turn               S - ring of see invisible

@: on berserk cooldown, flying, slowed, very slow
A: horns 2, retaliatory headbutt
a: Renounce Religion, Evoke Blink, Berserk, Trog's Hand, Brothers in Arms


You were on level 4 of the Spider Nest.
You worshipped Trog.
Trog was extremely pleased with you.
You visited 4 branches of the dungeon, and saw 27 of its levels.
You also visited: Sewer.

You collected 2632 gold pieces.
You spent 529 gold pieces at shops.

Inventory:

Hand Weapons
 D - a +6 battleaxe (weapon)
Missiles
 F - a throwing net
Armour
 m - a +5 plate armour (worn)
 n - a +2 hat of stealth (worn)
 s - a +0 cloak (worn)
 E - a +0 pair of gloves (worn)
 T - the +2 pair of boots of Niasm (worn) {+Blink}
   (You bought it in a shop on level 1 of the Orcish Mines)

   +Blink:    It lets you blink.
Jewellery
 a - an amulet of magic regeneration (around neck)
 l - a ring of ice
 w - a +4 ring of evasion
 G - the ring of Midnight (left hand) {Drain Fly rElec rN+++ MP-9}
   (You found it on level 9 of the Dungeon)

   [ring of flight]

   rElec:     It insulates you from electricity.
   rN:        It renders you almost immune to negative energy.
   MP:        It affects your magic capacity (-9).
   Fly:       It grants you flight.
   Drain:     It drains your maximum health when unequipped.
 O - a +4 ring of evasion
 S - a ring of see invisible (right hand)
Wands
 h - a wand of flame (34)
 t - a wand of polymorph (9)
 x - a wand of paralysis (13)
 y - a wand of iceblast (19)
 z - a wand of charming (20)
 B - a wand of acid (2)
 M - a wand of mindburst (7)
Scrolls
 f - 8 scrolls of blinking
 g - 4 scrolls of amnesia
 i - 3 scrolls of identify
 k - 5 scrolls of fog
 o - 3 scrolls of fear
 q - 2 scrolls of teleportation
 K - 2 scrolls of magic mapping
 Q - a scroll of summoning
Potions
 b - 14 potions of degeneration
 c - 4 potions of berserk rage
 d - a potion of magic
 e - 2 potions of might
 j - 2 potions of ambrosia
 p - 4 potions of brilliance
 r - 10 potions of curing
 u - 4 potions of lignification
 v - 2 potions of heal wounds
 A - 6 potions of mutation
 C - 2 potions of cancellation
 H - 2 potions of haste
 I - 3 potions of attraction
 J - a potion of invisibility
 P - 3 potions of flight


   Skills:
 + Level 19.2 Fighting
 + Level 23.7 Axes
 + Level 18.1 Armour
 + Level 6.1 Dodging
 + Level 3.3 Stealth
 + Level 2.1 Unarmed Combat


You had 15 spell levels left.
You didn't know any spells.
Your spell library was empty.

Dungeon Overview and Level Annotations

Branches:
Dungeon (15/15)            Temple (0/1) D:4            Lair (6/6) D:8
  Swamp (0/4) Lair:3       Spider (4/4) Lair:4        Slime (0/5) Lair:5
    Orc (2/2) D:12            Elf (0/3) Orc:2        Vaults (0/5) D:14
 Depths (0/4) D:15          Sewer (visited)

Altars:
Ashenzari
Cheibriados
Gozag
Makhleb
Nemelex Xobeh
Okawaru
Uskayaw
Zin
Beogh
Jiyva

Shops:
D:4 *   D:13 *   Orc:1 ([=   Orc:2 *[:(

Annotations:
D:6 3 runed translucent doors, Iusername's ghost, novice HuFi; bobregger's ghost, novice OgBe
Lair:5 1 runed translucent door


Innate Abilities, Weirdness & Mutations

You have a pair of horns on your head.
You reflexively headbutt those who attack you in melee.


Message History

The ghost moth hits you!
* * * LOW HITPOINT WARNING * * *
The ghost moth barely misses you.
The ghost moth stings you but does no damage.
An orb of destruction comes into view.
The ghost moth stares at you.
You feel your power leaking away.
The wolf spider hits you but does no damage.
The wolf spider closely misses you.
You hit the ghost moth.
The ghost moth is severely wounded.
You slice the wolf spider!!
The ghost moth hits you but does no damage. x2
The ghost moth stings you.
* * * LOW HITPOINT WARNING * * *
The wolf spider hits you.
* * * LOW HITPOINT WARNING * * *
The wolf spider bites you but does no damage.
The orb of destruction hits the ghost moth!!!
The ghost moth is blown up!
The orb spider spins a strand of pure energy.
You slice the wolf spider!!
The wolf spider is almost dead.
The wolf spider hits you but does no damage.
The wolf spider bites you but does no damage.
The wolf spider hits you.
* * * LOW HITPOINT WARNING * * *
The wolf spider barely misses you.
You hit the wolf spider but do no damage.
The wolf spider is severely wounded.
The wolf spider hits you but does no damage.
The wolf spider completely misses you. The wolf spider barely misses you. x2
You slash the wolf spider!
You kill the wolf spider!
Trog accepts your kill.
The orb spider weaves a glowing orb of energy.
An orb of destruction comes into view.
The orb spider begins to weave its threads into a brightly glowing ball.
You feel better. The orb of destruction hits you!!!
You die...

...........<...^.^.#^...###
..#......#......#.^^.....^#
....#......#..............#
........#..(....^..(....^.^
....................^^.....
...#^.......^......[......#
..........................#
......^.....†..........^...
...^......@☼°...^.........^
############.°........#####
###s..[..### ##....##
##..## #†...# #..#.# ##..##
#....#


You could see an orb spider (charged).

Vanquished Creatures
  Jorgrun (D:13)
  Gastronok (Lair:2)
  Kirke (Lair:4)
  A fire giant (D:15)
  2 orc warlords (Orc:2)
  8 emperor scorpions
  3 ghost moths
  A broodmother (Spider:2)
  2 entropy weavers (Spider:3)
  4 spark wasps
  8 hydras
  3 vault guards (D:14)
  11 boulder beetles
  A radroach (Spider:1)
  4 catoblepae
  A jorogumo (Spider:1)
  3 tengu warriors
  Erica (Lair:2)
  4 centaur warriors
  7 two-headed ogres
  7 death yaks (Lair:6)
  4 orc high priests
  3 steelbarb worms
  A sun moth (Spider:4)
  4 orb spiders
  2 bog bodies (Lair:3)
  A deep elf pyromancer (D:13)
  A lindwurm (Lair:6)
  5 orc knights
  4 orc sorcerers (Orc:2)
  15 wolf spiders
  7 ugly things
  3 moths of wrath
  7 cyclopes
  5 elephants (Lair:6)
  4 manticores
  5 black mambas
  4 torpor snails
  Psyche (D:9)
  5 rime drakes
  3 gargoyles
  9 cane toads
  A kobold demonologist (D:11)
  8 demonic crawlers
  9 komodo dragons
  3 meliai (Spider:1)
  A meliai (shapeshifter) (D:13)
  2 polar bears
  16 trolls
  17 blink frogs
  19 slime creatures
  19 tarantellas
  11 jumping spiders
  12 culicivoras
  3 wraiths
  5 wyverns
  65 yaks
  2 basilisks
  A vampire (D:11)
  A hog (Lair:4)
  2 steam dragons
  7 humans (D:14)
  35 redbacks
  4 vampire mosquitoes
  6 wargs
  3 acid dragons
  19 water moccasins
  A swamp drake (D:12)
  4 black bears
  36 orc warriors
  A sky beast (D:7)
  6 wolves (Lair:2)
  7 ogres
  11 centaurs
  8 kobold brigands
  Blork the orc (D:4)
  11 bullfrogs
  A gnoll sergeant (D:5)
  A wyvern zombie (D:7)
  A scorpion (D:4)
  5 killer bees (D:11)
  13 wights
  2 electric eels
  6 howler monkeys
  A bullfrog zombie (D:6)
  3 centaur zombies
  Crazy Yiuf (D:3)
  6 jellies (Lair:2)
  2 bullfrog skeletons
  2 hounds
  24 orc priests
  Ijyb (D:4)
  A scorpion zombie (D:5)
  Natasha (twice) (D:4)
  2 iguanas
  28 orc wizards
  6 hell rats (Lair:3)
  A killer bee zombie (D:9)
  A hound zombie (D:5)
  A mummy (D:4)
  A howler monkey zombie (D:10)
  7 gnolls
  9 adders
  2 river rats
  2 shadow imps
  A white imp (D:6)
  7 worms
  3 dart slugs
  85 orcs
  11 ball pythons
  28 endoplasms
  6 giant cockroaches
  8 hobgoblins
  7 jackals
  22 kobolds
  7 quokkas
  3 bats
  3 frilled lizards
  8 goblins
  9 rats
864 creatures vanquished.

Vanquished Creatures (others)
  A ghost moth (Spider:4)
  A vault guard (D:14)
  2 humans
  An orc priest (D:12)
  46 fungi
  61 plants
  6 withered plants (D:6)
118 creatures vanquished.

Grand Total: 982 creatures vanquished

Notes
Turn   | Place    | Note
-------+----------+-------------------------------------------
     0 | D:1      | thiscave3701365 the Minotaur Berserker began the quest for
                  | the Orb.
     0 | D:1      | Reached XP level 1. HP: 19/19 MP: 0/0
   286 | D:1      | Reached XP level 2. HP: 19/27 MP: 1/1
   408 | D:1      | Reached skill level 4 in Axes
   950 | D:1      | Reached XP level 3. HP: 23/33 MP: 2/2
  1715 | D:2      | Reached ** piety under Trog
  1827 | D:2      | Reached XP level 4. HP: 25/41 MP: 3/3
  2719 | D:3      | Reached skill level 5 in Axes
  2743 | D:3      | Found a large runed translucent door.
  2743 | D:3      | Found a large runed translucent door.
  2889 | D:3      | Found a glowing drain.
  2893 | D:3      | Reached XP level 5. HP: 25/47 MP: 4/4
  2898 | Sewer    | Entered a sewer
  3452 | Sewer    | Reached skill level 5 in Fighting
  3615 | Sewer    | Reached skill level 6 in Axes
  3615 | Sewer    | Reached skill level 1 in Stealth
  3615 | Sewer    | Reached XP level 6. HP: 37/56 MP: 5/5
  4833 | Sewer    | Reached skill level 7 in Axes
  4833 | Sewer    | Reached XP level 7. HP: 61/61 MP: 6/6
  5999 | D:3      | Found a runed translucent door.
  6000 | D:3      | Noticed Crazy Yiuf
  6010 | D:3      | Killed Crazy Yiuf
  6155 | D:3      | Found a burning altar of Makhleb.
  6170 | D:3      | Found a hide-covered altar of Uskayaw.
  6496 | D:4      | Noticed Blork the orc
  6503 | D:4      | Killed Blork the orc
  6504 | D:4      | Reached skill level 8 in Axes
  7071 | D:4      | Found Femoch's Fire Supplies.
  7159 | D:4      | Found a staircase to the Ecumenical Temple.
  7372 | D:4      | Found an iron altar of Okawaru.
  7539 | D:4      | Found a snail-covered altar of Cheibriados.
  7540 | D:4      | Noticed Ijyb
  7540 | D:4      | Noticed Natasha
  7549 | D:4      | Killed Natasha
  7550 | D:4      | Killed Ijyb
  7756 | D:4      | Found a sparkling altar of Nemelex Xobeh.
  7756 | D:4      | Found an opulent altar of Gozag.
  7777 | D:4      | Noticed Natasha
  7788 | D:4      | Killed Natasha
  7985 | D:4      | You fall into a shaft and drop 1 floor!
  7985 | D:5      | Entered Level 5 of the Dungeon
  7989 | D:5      | Reached *** piety under Trog
  7990 | D:5      | Reached XP level 8. HP: 70/70 MP: 7/7
  8855 | D:5      | Reached skill level 5 in Armour
  9060 | D:5      | Found a broken altar of Ashenzari.
  9231 | D:6      | Reached skill level 9 in Axes
  9674 | D:6      | Found a runed translucent gate.
  9675 | D:6      | Found a runed translucent gate.
  9675 | D:6      | Found a runed translucent gate.
  9676 | D:6      | Noticed bobregger's ghost (novice OgBe)
  9676 | D:6      | Noticed Iusername's ghost (novice HuFi)
  9936 | D:6      | Reached XP level 9. HP: 76/76 MP: 8/8
  9944 | D:6      | Reached skill level 10 in Axes
 12073 | D:8      | Reached skill level 11 in Axes
 12576 | D:8      | Found a staircase to the Lair.
 12691 | D:9      | Noticed Psyche
 12696 | D:9      | Killed Psyche
 12698 | D:9      | Reached skill level 12 in Axes
 12980 | D:9      | Reached XP level 10. HP: 88/88 MP: 9/9
 13048 | D:9      | Identified the ring of Midnight {Drain Fly rElec rN+++
                  | MP-9}
 13244 | D:9      | Reached skill level 13 in Axes
 13632 | D:9      | Noticed a two-headed ogre
 13638 | D:9      | Noticed a two-headed ogre
 13639 | D:9      | Killed a two-headed ogre
 13645 | D:9      | Killed a two-headed ogre
 13646 | D:9      | Reached skill level 14 in Axes
 14855 | D:10     | Entered Level 10 of the Dungeon
 15021 | D:10     | Noticed a two-headed ogre
 15026 | D:10     | Killed a two-headed ogre
 15027 | D:10     | Reached skill level 15 in Axes
 15370 | D:10     | Found a glowing silver altar of Zin.
 15397 | D:10     | Reached skill level 16 in Axes
 16314 | D:11     | Reached XP level 11. HP: 86/94 MP: 1/10
 16909 | D:11     | Noticed a seven-headed hydra
 16917 | D:11     | Killed a 12-headed hydra
 16918 | D:11     | Reached skill level 17 in Axes
 19427 | D:12     | Noticed a catoblepas
 19948 | D:11     | Killed a catoblepas
 19949 | D:11     | Reached skill level 18 in Axes
 21597 | D:12     | Found a staircase to the Orcish Mines.
 22017 | Lair:1   | Entered Level 1 of the Lair of Beasts
 22017 | Lair:1   | Found the +8 trident of the Octopus King {venom, rElec
                  | rPois}
 22459 | Lair:1   | Reached XP level 12. HP: 105/105 MP: 2/11
 23322 | Lair:2   | Noticed Gastronok
 23344 | Lair:2   | Killed Gastronok
 23345 | Lair:2   | Reached skill level 10 in Armour
 23425 | Lair:2   | Noticed a seven-headed hydra
 23437 | Lair:2   | Killed an 11-headed hydra
 23438 | Lair:2   | Reached skill level 19 in Axes
 23852 | Lair:2   | Identified the +1 ring mail of the Doldrums {Stlth+}
 23938 | Lair:2   | Noticed Erica
 23956 | Lair:2   | Killed Erica
 23957 | Lair:2   | Reached skill level 10 in Fighting
 24700 | Lair:2   | Reached **** piety under Trog
 25152 | Lair:2   | Reached skill level 20 in Axes
 26170 | Lair:3   | Found a staircase to the Swamp.
 26770 | Lair:3   | Reached XP level 13. HP: 116/116 MP: 3/12
 27206 | Lair:3   | Identified the +0 leather armour of Instinct {Str+3 Stlth+}
 27412 | Lair:3   | Identified the +8 trident of Yjyraf {vorpal, rF+ rC- rCorr
                  | Int+4}
 28210 | Lair:4   | Noticed Kirke
 28238 | Lair:4   | Killed Kirke
 28815 | Lair:4   | Reached skill level 1 in Unarmed Combat
 28957 | Lair:4   | Reached skill level 5 in Dodging
 29492 | Lair:4   | Found a hole to the Spider Nest.
 31349 | Lair:5   | Found a runed translucent door.
 31349 | Lair:5   | Found a viscous altar of Jiyva.
 31365 | Lair:5   | Noticed an acid blob
 31367 | Lair:5   | Found a staircase to the Slime Pits.
 31367 | Lair:5   | Noticed an acid blob
 31578 | Lair:6   | Entered Level 6 of the Lair of Beasts
 33059 | D:13     | Found Nohu's Assorted Antiques.
 33072 | D:13     | Noticed Jorgrun
 33086 | D:13     | Killed Jorgrun
 34007 | D:13     | Found an iron altar of Okawaru.
 34654 | D:14     | Reached skill level 21 in Axes
 35302 | Lair:6   | Reached XP level 14. HP: 129/129 MP: 4/13
 38664 | Lair:6   | Reached skill level 15 in Armour
 40199 | D:14     | Reached skill level 15 in Fighting
 40952 | D:14     | Found a gate to the Vaults.
 41909 | D:15     | Entered Level 15 of the Dungeon
 42139 | D:15     | Found a staircase to the Depths.
 42139 | D:15     | Noticed a fire giant
 42156 | D:15     | Reached XP level 15. HP: 107/141 MP: 5/14
 42542 | D:15     | Killed a fire giant
 42964 | D:15     | Reached skill level 22 in Axes
 44216 | Orc:1    | Entered Level 1 of the Orcish Mines
 44518 | Orc:1    | Found Ugiefor's Jewellery Boutique.
 45308 | Orc:1    | Found Mull's Antique Armour Emporium.
 45331 | Orc:1    | Bought a ring of see invisible for 225 gold pieces
 45346 | Orc:1    | Bought a pair of brightly glowing boots for 304 gold pieces
 45346 | Orc:1    | Identified the +2 pair of boots of Niasm {+Blink} (You
                  | bought it in a shop on level 1 of the Orcish Mines)
 45454 | Orc:2    | Entered Level 2 of the Orcish Mines
 46782 | Orc:2    | Found a staircase to the Elven Halls.
 46852 | Orc:2    | Noticed an orc warlord
 49277 | Orc:2    | Killed an orc warlord
 50001 | Orc:2    | Found Aschiofru's Antique Armour Emporium.
 50002 | Orc:2    | Found Raco's Antique Weapon Shoppe.
 50004 | Orc:2    | Found Gadoal's General Store.
 50004 | Orc:2    | Found Buthri's Book Emporium.
 50698 | Orc:1    | Reached ***** piety under Trog
 50700 | Orc:1    | Noticed an orc warlord
 51161 | Orc:2    | Killed an orc warlord
 51691 | Orc:1    | Found Tomeat's Weapon Emporium.
 51708 | Orc:1    | You are sucked into a shaft and drop 1 floor!
 52241 | Spider:1 | Entered Level 1 of the Spider Nest
 55522 | Spider:2 | Reached XP level 16. HP: 155/155 MP: 6/15
 55658 | Spider:2 | Reached skill level 23 in Axes
 59492 | Spider:4 | Entered Level 4 of the Spider Nest
 60547 | Spider:4 | Blown up by an orb spider

Illustrated notes

Levels and vault maps discovered:
D:1:      wander_arrival_peaceful_grave, layout_loops_cross, serial_glass,
          glass_columns_c, glass_columns_c, minivault_23, minivault_27
D:2:      layout_loops_ring
D:3:      layout_rooms, jmf_multi_god_temple2, portal_sewer_entry_e,
          uniq_crazy_yiuf_cottage
D:4:      layout_layer_cave, grunt_temple_overflow_opulence,
          nicolae_overflow_hidden_temple, slow_altar_1, temple_doors_e,
          nicolae_shop_fire_sale [nicolae_sub_dead_trees], uniq_natasha,
          uniq_ijyb, uniq_blork_the_orc
D:5:      layout_cave_pools, lemuel_tele_altar
D:6:      layout_rooms, gammafunk_ghost_cemetery, supply_closet_lemuel
D:7:      layout_basic
D:8:      layout_gridville, lair_entry_dummy
D:9:      layout_basic, serial_bayou_pond_a, uniq_psyche
D:10:     layout_basic, zin_statuary
D:11:     layout_rooms, kennysheep_generic_room_4
D:12:     layout_grid_maze, erik_orc_1
D:13:     layout_cave_pods, serial_shops, nicolae_shop_hallway_plus,
          okawaru_gym_becter, uniq_jorgrun
D:14:     layout_basic, ximxim_vaults_locker_room, wad_floor_pattern_untrapped,
          lemuel_flamethrower_3
D:15:     grunt_enter_depths_giant_problem, layout_irregular_city, moated_statue
Lair:1:   layout_roguey
Lair:2:   lemuel_slime, layout_cave_shapes, minivault_23, beast_lair_carwin_11,
          uniq_gastronok, uniq_erica
Lair:3:   layout_cave_pods, skrybe_swamp_entry_bodies
Lair:4:   layout_roguey, hellmonk_spider_entry_life_and_decay,
          gauntlet_entry_generic, uniq_kirke
Lair:5:   layout_gridlike, slime_altar_2, nzn_sisyphean_effort
Lair:6:   evilmike_catoblepas_cave, layout_cave_pods, serial_bayou_lagoon_a
Spider:1: layout_spider_delve
Spider:2: layout_cave_pods, nicolae_spider_rock_and_or_roll
Spider:3: layout_spider_delve
Spider:4: guppyfry_spider_rune
Orc:1:    layout_caves, serial_shops, shop, shop, shop
Orc:2:    st_orc_congregation, layout_caves, basic_altar

Skill      XL: |  1  2  3  4  5  6  7  8  9 10 11 12 13 14 15 16 |
---------------+-------------------------------------------------+-----
Axes           | 4 5 6 7 8 9 12 16 18 20 21 22 23 | 23.7
Fighting       | 4 5 6 7 8 9 11 13 15 17 19 | 19.2
Dodging        | 3 4 5 6 |  6.1
Stealth        | 1 2 3 |  3.3
Armour         | 3 6 8 9 11 13 15 17 18 | 18.1
Unarmed Combat | 2 |  2.1

Action                   |  1- 3 |  4- 6 |  7- 9 | 10-12 | 13-15 | 16-18 || total
-------------------------+-------+-------+-------+-------+-------+-------++-------
Melee: Hand axe          |    91 |   104 |   308 |       |       |       ||   503
       Headbutt          |    13 |    17 |    48 |    72 |   216 |    65 ||   431
       Punch             |     1 |     1 |     4 |       |       |       ||     6
       Battleaxe         |       |       |    21 |   369 |   936 |   255 ||  1581
       Unarmed           |       |       |       |       |    24 |       ||    24
Invok: Berserk           |     1 |    11 |    27 |    32 |    51 |     8 ||   130
  Use: Scroll            |       |       |    14 |     8 |    17 |     5 ||    44
       Potion            |       |       |       |       |     1 |     2 ||     3
 Stab: Petrified         |       |       |       |       |     1 |       ||     1
Armor: Animal skin       |    15 |       |       |       |       |       ||    15
       Chain mail        |       |     3 |       |       |       |       ||     3
       Plate armour      |       |       |   143 |   266 |   601 |   268 ||  1278
Dodge: Dodged            |    46 |    41 |   116 |   182 |   536 |   162 ||  1083
